 Dungeon Crawl Stone Soup version 0.25-a0-356-g7c9d860 (webtiles) character file.

Game seed: 13433049770014484117, levelgen mode: deterministic

74987 GodTekkless the Warrior (level 15, -5/104 HPs)
             Began as a Gargoyle Fighter on Jan 3, 2020.
             Was the Champion of Okawaru.
             Killed by Lee's Rapid Deconstruction
             ... invoked by Jorgrun
              (32 damage)
             ... on level 2 of the Orcish Mines.
             The game lasted 01:02:39 (21653 turns).

GodTekkless the Warrior (Gargoyle Fighter)         Turns: 21653, Time: 01:02:40

Health: -5/104     AC: 39    Str: 35    XL:     15   Next: 48%
Magic:  16/16      EV:  6    Int: 17    God:    Okawaru [******]
Gold:   1895       SH: 18    Dex: 14    Spells: 14/14 levels left

rFire    . . .     SeeInvis .   e - +1 scimitar "Tormentor" {flame, rF+ MR+ Str+5 Int+4}
rCold    + . .     Gourm    .   c - +1 shield
rNeg     + . .     Faith    .   b - +5 crystal plate armour
rPois    ∞         Spirit   .   o - +1 helmet
rElec    +         Reflect  +   M - +0 cloak {MR+}
rCorr    .         Harm     .   H - +0 pair of gloves of the Gloaming {Int+2}
MR       ++++.     NoTele   +   i - +0 pair of boots
Stlth    ..........             t - +2 amulet of reflection
HPRegen  0.27/turn              y - +5 ring of strength
MPRegen  0.15/turn              q - ring "Pudonipt" {Ice -Tele MR+ Str+2 Dex+4}

@: flying
A: big wings, negative energy resistance 1, electricity resistance, unbreathing,
petrification resistance, rot immunity, AC +11
a: Stop Flying, Heroism, Finesse, Renounce Religion


You were on level 2 of the Orcish Mines.
You worshipped Okawaru.
Okawaru was exalted by your worship.
You were hungry.

You visited 4 branches of the dungeon, and saw 22 of its levels.
You also visited: Gauntlet.

You collected 1955 gold pieces.
You spent 60 gold pieces at shops.

Inventory:

Hand Weapons
 d - a +2 short sword of venom
 e - the +1 scimitar "Tormentor" (weapon) {flame, rF+ MR+ Str+5 Int+4}
   (Okawaru gifted it to you on level 11 of the Dungeon)

   It has been specially enchanted to burn those struck by it, causing extra
   injury to most foes and up to half again as much damage against particularly
   susceptible opponents.
   Big, fiery blades are also staple armaments of hydra-hunters.
   It affects your strength (+5).
   It affects your intelligence (+4).
   It protects you from fire.
   It affects your resistance to hostile enchantments.
 O - a +5 scimitar of flaming
 S - a +3 quick blade
Missiles
 s - 61 poisoned darts (quivered)
 B - 22 javelins
 I - 6 silver javelins
Armour
 b - a +5 crystal plate armour (worn)
 c - a +1 shield (worn)
 i - a +0 pair of boots (worn)
 k - the +0 scale mail of the Enchanted Forest {rN+ MR++ Str+5, unknown}
   (Okawaru gifted it to you on level 6 of the Lair of Beasts)

   It affects your strength (+5).
   It protects you from negative energy.
   It affects your resistance to hostile enchantments.
 o - a +1 helmet (worn)
 E - the +3 hat of Jolizot {rN+ MR+ Int+10 Dex-3, unknown}
   (You found it in a Gauntlet)

   It affects your intelligence (+10).
   It affects your dexterity (-3).
   It protects you from negative energy.
   It affects your resistance to hostile enchantments.
 H - the +0 pair of gloves of the Gloaming (worn) {Int+2}
   (You found it on level 6 of the Dungeon)

   It affects your intelligence (+2).
 M - a +0 cloak of magic resistance (worn)
 N - a scarf of cloud immunity
Jewellery
 a - an uncursed ring of magical power {unknown}
 j - an uncursed ring of magical power {unknown}
 q - the ring "Pudonipt" (right hand) {Ice -Tele MR+ Str+2 Dex+4}
   (You found it in a Gauntlet)

   [ring of ice]

   It enhances your ice magic.
   It affects your strength (+2).
   It affects your dexterity (+4).
   It makes you vulnerable to fire.
   It protects you from cold.
   It affects your resistance to hostile enchantments.
   It prevents most forms of teleportation.
 t - a +2 amulet of reflection (around neck)
 y - a +5 ring of strength (left hand)
 z - an uncursed ring of protection from fire
 A - a +4 ring of intelligence {unknown}
 D - an uncursed ring of protection from magic
Wands
 g - a wand of polymorph (17)
 w - a wand of flame (19)
 x - a wand of digging (12)
 J - a wand of acid (14)
 K - a wand of paralysis (26)
 T - a wand of iceblast (26)
 X - a wand of disintegration (5)
Scrolls
 m - 9 scrolls of remove curse
 n - 2 scrolls of magic mapping
 p - 4 scrolls of amnesia
 r - 4 scrolls of fear
 F - 4 scrolls of fog
 L - 3 scrolls of blinking
 P - 8 scrolls of teleportation
 R - 2 scrolls of silence
 V - a scroll of brand weapon
 W - a scroll of enchant armour
 Y - a scroll of enchant weapon
 Z - 3 scrolls of identify
Potions
 h - 2 potions of agility
 v - 7 potions of curing
 G - a potion of brilliance
 Q - a potion of ambrosia {unknown}
 U - a potion of cancellation {unknown}
Miscellaneous
 l - a phial of floods (inert)
 u - a lightning rod (inert)
Comestibles
 f - 30 rations


   Skills:
 + Level 16.2 Fighting
 - Level 7.7(11.5) Short Blades
 - Level 13.3(14.0) Long Blades
 + Level 5.5 Armour
 * Level 1.1 Dodging
 - Level 1.1 Stealth
 - Level 15.0 Shields
 - Level 0.5 Invocations
 + Level 2.2 Evocations


You had 14 spell levels left.
You didn't know any spells.
Your spell library contained the following spells:

 Spells                   Type           Power        Failure   Level  Hunger
 Corona                   Hex            #......      99%         1    ##.....
 Ensorcelled Hibernation  Hex/Ice        #.....       100%        2    ###....
 Poisonous Vapours        Pois/Air       #.....       100%        2    ###....
 Slow                     Hex            #.......     100%        2    ###....
 Confuse                  Hex            #.......     100%        3    ####...
 Conjure Flame            Conj/Fire      #.......     100%        3    ####...
 Dazzling Flash           Conj/Hex       #.....       100%        3    ####...
 Ignite Poison            Fire/Tmut/Pois #.......     100%        3    ####...
 Inner Flame              Hex/Fire       #.......     100%        3    ####...
 Mephitic Cloud           Conj/Pois/Air  #.......     100%        3    ####...
 Portal Projectile        Hex/Tloc       #.....       100%        3    ####...
 Tukima's Dance           Hex            #.......     100%        3    ####...
 Cause Fear               Hex            #.........   100%        4    #####..
 Leda's Liquefaction      Hex/Erth       #.........   100%        4    #####..
 Olgreb's Toxic Radiance  Pois           #.......     100%        4    #####..
 Eringya's Noxious Bog    Tmut/Pois      #.........   100%        6    #######
 Freezing Cloud           Conj/Ice/Air   #.........   100%        6    #######
 Ring of Flames           Chrm/Fire      #.........   100%        7    #######


Dungeon Overview and Level Annotations

Branches:
Dungeon (13/15)            Temple (1/1) D:6            Lair (6/6) D:9
  Swamp (0/4) Lair:2       Spider (0/4) Lair:2          Orc (2/2) D:12
    Elf (0/3) Orc:2       Gauntlet (visited)
  Slime: Lair:5-6    Vaults: D:13-14

Altars:
Ashenzari
Cheibriados
Dithmenos
Elyvilon
Fedhas
Gozag
Hepliaklqana
Kikubaaqudgha
Makhleb
Nemelex Xobeh
Okawaru
Qazlal
Ru
Sif Muna
Trog
Uskayaw
Vehumet
Wu Jian
Xom
Yredelemnul
Zin
The Shining One

Shops:
D:7 *   Orc:2 (%

Annotations:
D:11 3 runed translucent doors, mad's ghost, novice DDNe
Lair:1 exclusion: oklob plant
Orc:2 Jorgrun


Innate Abilities, Weirdness & Mutations

You are resistant to torment.
Your stone body is resilient. (AC +11)
You are immune to poison.
Your large and strong wings let you fly indefinitely.
You resist negative energy. (rN+)
You are resistant to electric shocks. (rElec)
You can survive without breathing.
You are immune to petrification.
You are immune to rotting.


Message History

The orc knight no longer looks unusually strong.
Jorgrun gestures at you while chanting.
The wall shatters!
The blast of rock fragments hits you but does no damage.
The orc sorcerer shouts, "You are history!"
The orc sorcerer gestures wildly while chanting.
The orc sorcerer no longer looks unusually strong.
Jorgrun says, "May tha earth consume ye!"
Jorgrun points at you and mumbles some strange words.
Roots burst forth from the earth!
The grasping roots grab you! The grasping roots constrict you.
You escape the roots' grasp.
Jorgrun says, "Yer just na down-ta-earth enough."
Jorgrun casts a spell at you.
You shatter!!
* * * LOW HITPOINT WARNING * * *
Jorgrun points at you and mumbles some strange words.
You shatter!!
You die...

.............................
..........................#.#
...........................###
..........................##.####
..........................#.....#
...........................#.....
.................................
..............................##.
................@............####
............................## #
............................#
............o................#
.............................#
..........o###################
.........g.# ###### .........4.#
##..)o##### ...........#
##..##){.4.#


You could see Jorgrun, an orc knight and an orc sorcerer.

Vanquished Creatures
  Gastronok (D:12)
  A sphinx (D:11)
  A frost giant (D:11)
  A minotaur (Gauntlet)
  A fire dragon (Lair:6)
  Erolcha (D:9)
  6 hydras
  Harold (D:11)
  2 catoblepae
  Erica (D:8)
  3 death yaks (Lair:5)
  4 two-headed ogres
  A swamp dragon (Lair:6)
  An orc knight (Orc:2)
  A lindwurm (Lair:6)
  An ugly thing (D:12)
  2 orc sorcerers (Orc:2)
  A deep elf mage (D:12)
  2 manticores (Lair:6)
  A cyclops (D:11)
  A moth of wrath (Gauntlet)
  Joseph (D:8)
  Maurice (D:9)
  24 elephants
  7 black mambas
  A gargoyle (D:10)
  A minotaur zombie (Gauntlet)
  14 spiny frogs
  5 rime drakes
  A kobold demonologist (D:12)
  A demonic crawler (Lair:2)
  8 komodo dragons
  4 polar bears
  4 trolls
  8 hippogriffs
  6 slime creatures
  2 dream sheep
  17 blink frogs
  A spriggan (shapeshifter) (Gauntlet)
  4 shadows (Gauntlet)
  2 redbacks (Gauntlet)
  2 wraiths (D:7)
  4 wyverns
  60 yaks
  2 steam dragons
  2 basilisks
  A hungry ghost (D:10)
  A swamp worm (Lair:2)
  15 water moccasins
  A soldier ant (D:12)
  2 acid dragons (Lair:6)
  3 porcupines
  4 black bears
  4 sky beasts
  2 swamp drakes (Lair:6)
  9 orc warriors
  2 ice beasts
  A phantom (D:7)
  2 necrophages
  8 ogres
  6 wolves
  11 centaurs
  10 crocodiles
  17 big kobolds
  5 gnoll sergeants (D:12)
  15 bullfrogs
  A wyvern zombie (D:7)
  A wyvern skeleton (D:12)
  A scorpion (D:5)
  16 killer bees
  2 howler monkeys
  4 wights (D:7)
  3 electric eels (Lair:2)
  12 crimson imps
  2 bullfrog zombies
  8 hounds
  3 bullfrog skeletons
  11 jellies
  4 centaur skeletons
  5 human zombies (D:7)
  11 orc priests
  An iron imp (D:9)
  4 iguanas
  15 orc wizards
  2 hell rats (Lair:6)
  18 worker ants
  An ogre zombie (D:7)
  A hound zombie (D:6)
  A hound skeleton (D:4)
  2 mummies (D:7)
  2 howler monkey skeletons
  6 gnolls
  10 adders
  9 river rats (Lair:6)
  20 oozes
  3 adder zombies
  3 worms
  2 dart slugs
  6 leopard geckos
  57 orcs
  A ball python (D:3)
  3 giant cockroaches
  5 goblins
  7 hobgoblins
  13 jackals
  7 quokkas
  5 bats
  6 frilled lizards
  A jackal skeleton (D:4)
  16 kobolds
  A leopard gecko skeleton (D:5)
  An orc skeleton (D:7)
  A quokka skeleton (D:4)
  7 rats
  A butterfly (Lair:2)
657 creatures vanquished.

Vanquished Creatures (collateral kills)
  A two-headed ogre (D:9)
  An elephant (Lair:6)
2 creatures vanquished.

Vanquished Creatures (others)
  A centaur (D:11)
  An orc wizard (D:4)
  An orc priest (Orc:2)
  2 kobolds (D:12)
  21 fungi
  11 plants
  6 toadstools (D:6)
43 creatures vanquished.

Grand Total: 702 creatures vanquished

Notes
Turn   | Place    | Note
-------+----------+-------------------------------------------
     0 | D:1      | GodTekkless the Gargoyle Fighter began the quest for the
                  | Orb.
     0 | D:1      | Reached XP level 1. HP: 14/14 MP: 1/1
   329 | D:1      | Reached XP level 2. HP: 19/19 MP: 2/2
   881 | D:2      | Reached XP level 3. HP: 14/24 MP: 3/3
  1039 | D:2      | Found a white marble altar of Elyvilon.
  1302 | D:2      | Found an ornate altar of the Wu Jian Council.
  1659 | D:3      | Reached XP level 4. HP: 29/29 MP: 4/4
  1872 | D:3      | Reached XP level 5. HP: 22/33 MP: 5/5
  2299 | D:3      | Found a sparkling altar of Nemelex Xobeh.
  2641 | D:4      | Reached skill level 4 in Fighting
  2686 | D:4      | Found a radiant altar of Vehumet.
  2769 | D:4      | Noticed an ogre
  2774 | D:4      | Killed an ogre
  2774 | D:4      | Reached skill level 5 in Shields
  2774 | D:4      | Reached XP level 6. HP: 38/38 MP: 6/6
  2848 | D:4      | Found a hazy altar of Hepliaklqana.
  2848 | D:4      | Found a burning altar of Makhleb.
  3242 | D:4      | Reached skill level 5 in Long Blades
  3250 | D:4      | Noticed a sky beast
  3262 | D:4      | Killed a sky beast
  3262 | D:4      | Reached XP level 7. HP: 35/43 MP: 7/7
  3635 | D:5      | Entered Level 5 of the Dungeon
  3765 | D:5      | Noticed a two-headed ogre
  4187 | D:5      | Reached XP level 8. HP: 46/48 MP: 8/8
  4303 | D:5      | Found a shadowy altar of Dithmenos.
  4555 | D:6      | Found a shimmering altar of Xom.
  4621 | D:6      | Found a staircase to the Ecumenical Temple.
  4628 | Temple   | Entered the Ecumenical Temple
  4683 | Temple   | Became a worshipper of Warmaster Okawaru
  4872 | D:6      | Found a hide-covered altar of Uskayaw.
  4998 | D:6      | Found an iron altar of Okawaru.
  5032 | D:6      | Got a dazzling scale mail
  5040 | D:6      | Identified the cursed +0 scale mail of the Blue Moon {rPois
                  | Dex+3} (You found it on level 6 of the Dungeon)
  5072 | D:6      | Reached skill level 5 in Fighting
  5139 | D:6      | Found a shattered altar of Ashenzari.
  5227 | D:6      | Reached * piety under Okawaru
  5282 | D:6      | Noticed a slime creature
  5282 | D:6      | Noticed a slime creature
  5305 | D:6      | Killed a slime creature
  5305 | D:6      | Reached skill level 1 in Short Blades
  5305 | D:6      | Reached XP level 9. HP: 33/54 MP: 9/9
  5681 | D:6      | Reached ** piety under Okawaru
  6102 | D:6      | Got a pair of ancient gloves
  6103 | D:6      | Identified the +0 pair of gloves of the Gloaming {Int+2}
                  | (You found it on level 6 of the Dungeon)
  6855 | D:7      | Reached *** piety under Okawaru
  6882 | D:7      | Reached skill level 5 in Short Blades
  7024 | D:7      | Reached XP level 10. HP: 54/60 MP: 10/10
  7038 | D:7      | Found Mesamif's General Store.
  7046 | D:7      | Bought a scroll of identify for 24 gold pieces
  7046 | D:7      | Bought a potion of curing for 36 gold pieces
  7158 | D:7      | Found a glowing silver altar of Zin.
  7324 | D:7      | Reached skill level 10 in Shields
  7396 | D:7      | Found a basalt altar of Yredelemnul.
  7470 | D:7      | Received a gift from Okawaru
  7976 | D:8      | Noticed Joseph
  8182 | D:8      | Killed Joseph
  8417 | D:8      | Reached **** piety under Okawaru
  8417 | D:8      | Reached skill level 6 in Fighting
  8481 | D:8      | Noticed a two-headed ogre
  8495 | D:8      | Killed a two-headed ogre
  8628 | D:8      | Found a glowing golden altar of the Shining One.
  8731 | D:8      | Found a stormy altar of Qazlal.
  8759 | D:8      | Noticed Erica
  8780 | D:8      | Killed Erica
  8780 | D:8      | Reached skill level 1 in Stealth
  8791 | D:8      | Reached ***** piety under Okawaru
  9160 | D:9      | Reached XP level 11. HP: 56/65 MP: 11/11
  9227 | D:9      | Noticed Erolcha
  9249 | D:9      | Killed Erolcha
  9287 | D:9      | Found a snail-covered altar of Cheibriados.
  9772 | D:9      | Noticed Maurice
  9872 | D:9      | Killed Maurice
 10239 | D:9      | Noticed a two-headed ogre
 10249 | D:9      | Killed a two-headed ogre
 10327 | D:9      | Found a staircase to the Lair.
 10372 | D:10     | Entered Level 10 of the Dungeon
 10457 | Lair:1   | Entered Level 1 of the Lair of Beasts
 10606 | D:9      | Received a gift from Okawaru
 10811 | Lair:1   | Reached ****** piety under Okawaru
 10919 | Lair:1   | Reached skill level 10 in Long Blades
 11007 | Lair:1   | Noticed a six-headed hydra
 11016 | Lair:1   | Killed a one-headed hydra
 11016 | Lair:1   | Reached skill level 7 in Fighting
 11016 | Lair:1   | Reached XP level 12. HP: 62/72 MP: 12/12
 11877 | Lair:2   | Found a hole to the Spider Nest.
 12096 | Lair:2   | Received a gift from Okawaru
 12431 | Lair:2   | You fall into a shaft and drop 1 floor!
 12612 | Lair:2   | Found a staircase to the Swamp.
 13306 | Lair:3   | Noticed a seven-headed hydra
 13312 | Lair:3   | Killed a three-headed hydra
 13381 | Lair:3   | Received a gift from Okawaru
 13406 | Lair:3   | Reached skill level 8 in Fighting
 13410 | Lair:3   | Reached XP level 13. HP: 42/78 MP: 13/13
 15005 | Lair:5   | Found a gate leading to a gauntlet.
 15056 | Gauntlet | Entered a Gauntlet
 15056 | Gauntlet | Found a transporter.
 15067 | Gauntlet | Found a transporter.
 15080 | Gauntlet | Found a transporter.
 15086 | Gauntlet | Found a transporter.
 15137 | Gauntlet | Found a transporter.
 15140 | Gauntlet | Found a transporter.
 15140 | Gauntlet | Found a transporter.
 15144 | Gauntlet | Found a transporter.
 15284 | Gauntlet | Found a transporter.
 15316 | Gauntlet | Got a faintly glowing amber ring
 15340 | Gauntlet | Found a transporter.
 15361 | Gauntlet | Got a twisted hat
 15372 | Gauntlet | Found a transporter.
 15376 | Gauntlet | Found a transporter.
 15382 | Gauntlet | Noticed a minotaur
 15402 | Gauntlet | Killed a minotaur
 15466 | Gauntlet | Noticed a dire elephant
 15483 | Gauntlet | Identified Dorigog's Handbook of Toxic Combat Magic
 15591 | Lair:5   | Received a gift from Okawaru
 15679 | Lair:5   | Reached skill level 15 in Shields
 15728 | Lair:5   | Reached skill level 9 in Fighting
 16072 | Lair:5   | Reached skill level 10 in Fighting
 16099 | Lair:5   | Gained mutation: Your large and strong wings let you fly
                  | indefinitely. [Gargoyle growth]
 16099 | Lair:5   | Reached XP level 14. HP: 51/88 MP: 14/14
 16341 | Lair:5   | You fall into a shaft and drop 1 floor!
 16341 | Lair:6   | Entered Level 6 of the Lair of Beasts
 16367 | Lair:6   | Reached skill level 11 in Fighting
 16633 | Lair:6   | Reached skill level 12 in Fighting
 17120 | Lair:6   | Reached skill level 13 in Fighting
 17127 | Lair:6   | Received a gift from Okawaru
 17132 | Lair:6   | Got a blackened scale mail {god gift}
 17591 | Lair:6   | Reached skill level 14 in Fighting
 17816 | Lair:6   | Reached skill level 1 in Evocations
 19190 | D:11     | Found a runed translucent gate.
 19191 | D:11     | Found a runed translucent gate.
 19192 | D:11     | Found a runed translucent gate.
 19192 | D:11     | Noticed mad's ghost (novice DDNe)
 19192 | D:11     | Identified the +6 whip of Vanity {elec, rF+}
 19352 | D:11     | Reached skill level 15 in Fighting
 19381 | D:11     | Found an opulent altar of Gozag.
 19381 | D:11     | Found a stormy altar of Qazlal.
 19381 | D:11     | Noticed a frost giant
 19381 | D:11     | Noticed a sphinx
 19384 | D:11     | Reached XP level 15. HP: 86/103 MP: 15/15
 19428 | D:11     | Noticed Harold
 19434 | D:11     | Killed Harold
 19451 | D:11     | Killed a sphinx
 19451 | D:11     | Received a gift from Okawaru
 19454 | D:11     | Killed a frost giant
 19473 | D:11     | Got a jewelled scimitar {god gift}
 19913 | D:11     | Identified the +1 scimitar "Tormentor" {flame, rF+ MR+
                  | Str+5 Int+4} (Okawaru gifted it to you on level 11 of the
                  | Dungeon)
 20002 | D:12     | Noticed Gastronok
 20064 | D:12     | Killed Gastronok
 20133 | D:12     | Reached skill level 16 in Fighting
 20242 | D:12     | Identified the ring "Pudonipt" {Ice -Tele MR+ Str+2 Dex+4}
                  | (You found it in a Gauntlet)
 20325 | D:12     | Reached skill level 5 in Armour
 20916 | D:12     | Found a staircase to the Orcish Mines.
 21153 | Orc:1    | Entered Level 1 of the Orcish Mines
 21370 | Orc:2    | Entered Level 2 of the Orcish Mines
 21423 | Orc:2    | Found a staircase to the Elven Halls.
 21537 | Orc:2    | Found Jimauka's Weapon Shoppe.
 21565 | Orc:2    | Found Yrchot's Food Boutique.
 21585 | Orc:2    | Reached skill level 1 in Dodging
 21633 | Orc:2    | Noticed Jorgrun
 21653 | Orc:2    | Killed from afar by Jorgrun

Levels and vault maps discovered:
D:1:      tarquinn_simple_flora_water_b, layout_basic
D:2:      layout_basic, overflow_temple_1_default, first_ration,
          lemuel_altar_in_water
D:3:      layout_loops_ring, minmay_misc_feat_columns, grunt_ministairs_2,
          nemelex_spade_bored_becter
D:4:      minmay_razor_zed, layout_loops_ring, lemuel_doored_altar,
          gammafunk_temple_overflow_wave
D:5:      layout_loops_cross, overflow_temple_1_default, kennysheep_nondescript
D:6:      cheibrodos_fertilizer, layout_loops_corners, kennysheep_mini_moat,
          lemuel_coloured_pillars_altar, xom_butterflies,
          minmay_temple_entry_statues_fountains, minmay_misc_feat_doors,
          nrook_mini_vaults, okawaru_gym_becter
D:7:      layout_cave_pools, zin_statuary, lemuel_mausoleum_altar_yredelemnul,
          serial_shops, nicolae_shop_temple_entry_statues_fountains,
          supply_closet_lemuel
D:8:      layout_cave_pools, tso_metal_star, nicolae_qazlal_general_emergency,
          uniq_joseph, uniq_erica
D:9:      layout_basic, slow_altar_1, lair_entry_dummy, uniq_erolcha,
          uniq_maurice
D:10:     layout_small_grid
D:11:     layout_gridville, gammafunk_ghost_nasty_kobolds, jmf_multi_god_temple,
          uniq_harold
D:12:     layout_basic, kennysheep_orc_monster_closet_entryway, uniq_gastronok
D:13:     layout_roguey, david_vaults_5
Temple:   compressed_dpeg_triangle_lava_temple
Lair:1:   lemuel_slime, layout_cave_shapes, minmay_shattered_shrine,
          grunt_megastairs_2
Lair:2:   layout_misc_corridors, minmay_swamp_entry_worms,
          nicolae_spider_entry_non_spiders, lemuel_fruit_fields,
          serial_bayou_shore_a, grunt_megastairs_3
Lair:3:   layout_regular_city
Lair:4:   layout_loops_ring, infiniplex_staircase_pool_2
Lair:5:   layout_gridlike, dpeg_slime_entry_corner, gauntlet_entry_generic,
          beast_lair_carwin_6, lemuel_fruit_tree, serial_bayou_shore_b
Lair:6:   hangedman_lair_in_review, layout_regular_city,
          guppyfry_lair_end_dragon, kennysheep_rathole, lemuel_fruit_fields
Orc:1:    layout_caves
Orc:2:    st_orc_elflike, layout_diamond_mine, serial_shops,
          nicolae_shop_statue_plus, bloody_makhleb, uniq_jorgrun

Skill      XL: |  1  2  3  4  5  6  7  8  9 10 11 12 13 14 15 |
---------------+----------------------------------------------+-----
Long Blades    | 2 3 4 5 6 7 10 12 13 | 13.3
Shields        | 4 5 6 8 9 11 12 13 15 | 15.0
Fighting       | 4 5 6 7 8 10 15 16 | 16.2
Short Blades   | 1 5 7 |  7.7
Stealth        | 1 |  1.1
Evocations     | 1 2 |  2.2
Armour         | 5 |  5.5
Dodging        | 1 |  1.1
Invocations    | |  0.5

Action                   |  1- 3 |  4- 6 |  7- 9 | 10-12 | 13-15 || total
-------------------------+-------+-------+-------+-------+-------++-------
Melee: Long sword        |   118 |   169 |   219 |       |       ||   506
       Short sword       |       |       |   286 |   302 |       ||   588
       Scimitar          |       |       |       |   494 |  1283 ||  1777
Throw: Boomerang         |     7 |    15 |    12 |     6 |       ||    40
       Dart              |       |       |       |    25 |     5 ||    30
Invok: Heroism           |       |       |     1 |     7 |    17 ||    25
       Finesse           |       |       |       |     1 |     2 ||     3
 Abil: Fly               |       |       |       |       |     1 ||     1
Evoke: Wand              |       |       |       |     7 |       ||     7
       Phial of floods   |       |       |       |     1 |     2 ||     3
       Lightning rod     |       |       |       |       |     8 ||     8
  Use: Scroll            |     5 |     2 |    11 |     9 |    11 ||    38
       Potion            |       |     1 |     1 |     7 |     6 ||    15
 Stab: Petrified         |       |       |       |       |     2 ||     2
  Eat: Chunk             |     2 |     2 |     9 |    19 |    13 ||    45
       Ration            |       |     1 |     1 |     1 |     5 ||     8
Armor: Scale mail        |    60 |    89 |   183 |    42 |       ||   374
       Ring mail         |       |       |       |   191 |    80 ||   271
       Crystal plate arm |       |       |       |       |   623 ||   623
Dodge: Dodged            |    32 |    28 |   101 |   180 |   181 ||   522
Block: Shield            |    68 |    97 |   336 |   504 |  1168 ||  2173
       Reflection        |       |       |     5 |     9 |    37 ||    51
       Rpst.: Long sword |     8 |    13 |    14 |       |       ||    35
       Scimitar          |       |       |       |    31 |    42 ||    73

Table legend:
 A = Non-vault XP
 B = Vault XP
 C = Vault XP percentage of total XP
 D = Non-vault monster count
 E = Vault monster count
 F = Vault count percentage of total count
                 A         B        C        D         E       F
            +---------+---------+-------+---------+---------+-------
      Total |   66882 |   40243 |  37.6 |     478 |     183 |  27.7
            +---------+---------+-------+---------+---------+-------
        D:1 |      27 |       0 |   0.0 |      17 |       0 |   0.0
        D:2 |      48 |       0 |   0.0 |      11 |       0 |   0.0
        D:3 |     101 |       2 |   1.9 |      20 |       1 |   4.8
        D:4 |     564 |     186 |  24.8 |      29 |      10 |  25.6
        D:5 |     618 |       0 |   0.0 |      12 |       0 |   0.0
        D:6 |     302 |    1292 |  81.1 |      13 |      20 |  60.6
        D:7 |    2234 |     753 |  25.2 |      45 |      12 |  21.1
        D:8 |    1581 |    1372 |  46.5 |      20 |       2 |   9.1
        D:9 |    5657 |    1506 |  21.0 |      37 |       3 |   7.5
       D:10 |    2080 |       0 |   0.0 |      17 |       0 |   0.0
       D:11 |    5638 |    5858 |  51.0 |      43 |       5 |  10.4
       D:12 |    6098 |    3489 |  36.4 |      52 |      21 |  28.8
     Lair:1 |    1834 |    3575 |  66.1 |       5 |      33 |  86.8
     Lair:2 |    3672 |    1524 |  29.3 |      21 |      13 |  38.2
     Lair:3 |    7235 |       0 |   0.0 |      27 |       0 |   0.0
     Lair:4 |    6816 |       0 |   0.0 |      23 |       0 |   0.0
     Lair:5 |    7101 |    3475 |  32.9 |      23 |       6 |  20.7
     Lair:6 |   14182 |   11622 |  45.0 |      42 |      41 |  49.4
      Orc:1 |     716 |       0 |   0.0 |      13 |       0 |   0.0
      Orc:2 |     378 |    1940 |  83.7 |       8 |       6 |  42.9
   Gauntlet |       0 |    3649 | 100.0 |       0 |      10 | 100.0
            +---------+---------+-------+---------+---------+-------
